 Dungeon Crawl Stone Soup version 0.32-a0-450-g080537f31e (webtiles) character file.

Game seed: 5476571060765887643

168 AIDISCO the Conjurer (level 5, -8/28 HPs)
             Began as a Kobold Conjurer on Feb 23, 2024.
             Mangled by a sleepcap (13 damage)
             ... on level 3 of the Dungeon.
             The game lasted 00:26:40 (3656 turns).

AIDISCO the Conjurer (Kobold Conjurer)              Turns: 3656, Time: 00:26:41

Health: -8/28      AC:  5    Str:  4    XL:     5   Next: 78%
Magic:  6/9        EV:  3    Int: 22    God:
Gold:   161        SH:  0    Dex: 19    Spells: 7/10 levels left

rFire   . . .        h - +1 dagger (elec)
rCold   . . .        (no shield)
rNeg    . . .        a - +2 robe
rPois   .            (no helmet)
rElec   .            c - +0 cloak
rCorr   .            (no gloves)
SInv    .            (no boots)
Will    .....        f - amulet of reflection
Stlth   ++++         o - ring of flight
HPRegen 0.24/turn    q - +6 ring of dexterity
MPRegen 0.11/turn

%: reflection
@: sleeping, flying
A: small, no large weapons, nightstalker 3
a: no special abilities


You were on level 3 of the Dungeon.
You visited 1 branch of the dungeon, and saw 4 of its levels.

You collected 161 gold pieces.

Inventory:

Hand Weapons
 e - a +0 sling
 h - a +1 dagger of electrocution (weapon)
 m - a +2 dagger of speed
Missiles
 k - 11 poisoned darts
Armour
 a - a +2 robe (worn)
 c - a +0 cloak (worn)
Jewellery
 f - an amulet of reflection (around neck)
 o - a ring of flight (left hand)
 q - a +6 ring of dexterity (right hand)
 r - a +6 ring of intelligence
Scrolls
 d - a scroll of blinking
 g - a scroll of fog
 j - a scroll of noise
 n - a scroll of vulnerability {unknown}
 p - a scroll of fear
Potions
 b - a potion of magic
 i - a potion of haste {unknown}
 l - a potion of berserk rage {unknown}


   Skills:
 + Level 0.8 Fighting
 + Level 2.5 Short Blades
 + Level 0.5 Maces & Flails
 + Level 3.6 Dodging
 + Level 3.0 Stealth
 + Level 3.2 Spellcasting
 + Level 4.8 Conjurations


You had 7 spell levels left.
You knew the following spells:

 Your Spells              Type           Power      Damage    Failure   Level
a - Magic Dart            Conj           96%        1d7       1%          1
b - Searing Ray           Conj           48%        2d6       2%          2

Your spell library contained the following spells:

 Spells                   Type           Power      Damage    Failure   Level
 Fulminant Prism          Conj/Alch      7%         3d7       41%         4
 Iskenderun's Mystic Bla  Conj/Tloc      14%        2d5       41%         4


Dungeon Overview and Level Annotations

Branches:
Dungeon (4/15)
 Temple: D:4-7

Altars:


Innate Abilities, Weirdness & Mutations

You are small and have problems with some larger weapons.
You are completely attuned to the shadows.


Message History

Aiming: Magic Dart (safe; 1% risk of failure)
Press: ? - help, Shift-Dir - straight line, f/p - sleepcap
Aim: a sleepcap (moderately damaged, 100% to hit)
The magic dart hits the sleepcap.
The sleepcap is heavily damaged.
Casting: Magic Dart (safe; 1% risk of failure)
Confirm with . or Enter, or press ? or * to list all spells.
Aiming: Magic Dart (safe; 1% risk of failure)
Press: ? - help, Shift-Dir - straight line, f/p - sleepcap
Aim: a sleepcap (heavily damaged, 100% to hit)
The magic dart hits the sleepcap.
The sleepcap is heavily damaged.
The sleepcap releases spores at you.
You are engulfed in a cloud of soporific spores!
You fall asleep.
The sleepcap releases spores at you!!
You wake up.
Ouch! That really hurt!
* * * LOW HITPOINT WARNING * * *
You are engulfed in a cloud of soporific spores!
You are unaffected.
The sleepcap attacks as it pursues you! The sleepcap closely misses you.
The sleepcap barely misses you.
There is a stone staircase leading up here.
The sleepcap closely misses you.
You fly upwards.
There is a stone staircase leading down here.
You hit the sleepcap.
The sleepcap is heavily damaged.
The sleepcap barely misses you.
You hit the sleepcap but do no damage.
The sleepcap is heavily damaged.
The sleepcap completely misses you.
You hit the sleepcap.
The sleepcap is heavily damaged.
The sleepcap releases spores at you.
* * * LOW HITPOINT WARNING * * *
You are engulfed in a cloud of soporific spores!
You fall asleep.
The sleepcap releases spores at you!
You die...

.......# #.# #...#.#
.......#####.##########.#.#
................÷......<#.####
.####.........###########....####
.# #.........'.....[............
.# #.........##############.####
.# #.......))...............#.##
.###########.#.########..#####...
.'.............f@# #..# #...##
.###########...#### #..# #.### .#
#........# #†.# #.#
##########........# #..# #.#
#...##............# #..# #.#
#...##.###........# #..# #.#
#......# ###'###### #..# #.#
#....#######.# #..# #.#
.............# #..###.#


You could see a sleepcap.

Vanquished Creatures
  2 orc priests (D:3)
  3 adders
  A dart slug (D:2)
  2 ribbon worms
  3 orcs (D:3)
  5 bats
  7 endoplasms
  3 giant cockroaches
  6 hobgoblins
  3 jackals (D:1)
  6 kobolds
  6 quokkas
  9 ball pythons
  3 frilled lizards (D:1)
  4 goblins
  7 rats
70 creatures vanquished.

Notes
Turn   | Place    | Note
-------+----------+-------------------------------------------
     0 | D:1      | AIDISCO the Kobold Conjurer began the quest for the Orb.
     0 | D:1      | Reached XP level 1. HP: 10/10 MP: 3/3
   171 | D:1      | Reached XP level 2. HP: 15/15 MP: 0/5
   395 | D:1      | Reached XP level 3. HP: 19/19 MP: 3/6
   426 | D:1      | Learned a level 2 spell: Searing Ray
  1505 | D:2      | Reached XP level 4. HP: 24/24 MP: 5/8
  1813 | D:2      | Reached skill level 1 in Short Blades
  3107 | D:3      | Reached XP level 5. HP: 28/28 MP: 5/9
  3656 | D:3      | Mangled by a sleepcap

Illustrated notes

Levels and vault maps discovered:
D:1:      amcnicky_arrival_underground_garden, layout_loops_cross,
          minmay_misc_feat_encased, minmay_hexomino_c4
D:2:      layout_loops_ring, kennysheep_generic_room_3
D:3:      layout_basic
D:4:      layout_rooms

Skill      XL: |  1  2  3  4  5 |
---------------+----------------+-----
Dodging        | 3 |  3.6
Short Blades   | 1 2 |  2.5
Spellcasting   | 3 |  3.2
Stealth        | 3 |  3.0
Fighting       | |  0.8
Maces & Flails | |  0.5
Conjurations   | |  4.8

Action                     |  1- 3 |  4- 6 || total
---------------------------+-------+-------++-------
  Melee: Whip              |    33 |       ||    33
         Dagger            |    20 |    21 ||    41
   Cast: Magic Dart        |    62 |    43 ||   105
         Searing Ray       |     1 |     2 ||     3
    Use: Scroll            |       |     6 ||     6
 Armour: Robe              |    23 |    12 ||    35
  Dodge: Dodged            |    61 |    15 ||    76
  Block: Other             |     7 |     3 ||    10
         Reflection        |       |     1 ||     1

Table legend: (Time is in decaauts)
 A = Elapsed time spent in this place.
 B = Non-inter-level travel time spent in this place.
 C = Inter-level travel time spent in this place.
 D = Time resting spent in this place.
 E = Time spent auto-exploring this place.
 F = Levels seen in this place.
 G = Mean time per level.
                   A        B        C        D        E       F      G
               +--------+--------+--------+--------+--------+-----+--------+
         Total |   3650 |   3492 |    158 |    384 |   2677 |   4 |  912.5 |
       Dungeon |   3650 |   3492 |    158 |    384 |   2677 |   4 |  912.5 |
               +--------+--------+--------+--------+--------+-----+--------+

Top non-repeatable levels by time:
     D:1: 1364 daAuts
     D:3: 1261 daAuts
     D:2: 1011 daAuts
     D:4: 13 daAuts
